 Dungeon Crawl Stone Soup version 0.31-a0-202-g547052bce9 (webtiles) character file.

Game seed: 10364441843556070047

28 qw the Shooter (level 2, 0/16 HPs)
             Began as a Deep Elf Hunter on June 26, 2023.
             Slain by an orc
             ... wielding a +0 dagger
              (2 damage)
             ... on level 2 of the Dungeon.
             The game lasted 00:00:17 (1116 turns).

qw the Shooter (Deep Elf Hunter)                    Turns: 1116, Time: 00:00:18

Health: 0/16       AC:  6    Str:  8    XL:     2   Next: 96%
Magic:  4/4        EV:  8    Int: 13    God:
Gold:   10         SH:  0    Dex: 18    Spells: 1/1 levels left

rFire   . . .        Y - +0 shortbow
rCold   . . .        (shield currently unavailable)
rNeg    . . .        d - +0 scale mail
rPois   .            (no helmet)
rElec   .            (no cloak)
rCorr   .            (no gloves)
SInv    .            (no boots)
Will    .....        (no amulet)
Stlth   +            (no ring)
HPRegen 0.22/turn    (no ring)
MPRegen 0.09/turn

%: no passive effects
@: no status effects
A: no striking features
a: no special abilities


You were on level 2 of the Dungeon.
You visited 1 branch of the dungeon, and saw 2 of its levels.

You collected 10 gold pieces.


   Skills:
 - Level 1.5 Fighting
 + Level 6.6 Ranged Weapons
 - Level 2.4 Dodging
 - Level 1.2 Stealth


You had one spell level left.
You didn't know any spells.
Your spell library was empty.

Inventory:

Hand Weapons
 Y - a +0 shortbow (weapon)
Armour
 d - a +0 scale mail (worn)
Potions
 e - a potion of heal wounds {unknown}
 g - a potion of lignification {unknown}
 j - a potion of mutation {unknown}
 k - a potion of curing

Dungeon Overview and Level Annotations

Branches:
Dungeon (2/15)

Altars:


Message History

The orc wizard gestures at you while chanting.
You are confused.
1108 ||| DRINKING 2 potions of curing.
You feel better.
1108 ||| (to cure confusion)
You shoot an arrow.
The arrow closely misses the orc wizard.
The orc wizard hits you but does no damage.
You shoot an arrow.
The arrow closely misses the orc wizard.
The orc wizard mumbles some strange words.
The orc wizard flickers and vanishes!
Deactivating autopickup; reactivate with Ctrl-A.
Something hits you but does no damage.
You shoot an arrow. The arrow hits the orc priest.
The orc priest is heavily wounded.
You shoot an arrow.
The arrow hits the orc but does no damage.
You hear some strange, mumbled words.
A puff of flame appears from out of thin air!
The puff of flame hits you!
Ouch! That really hurt!
The orc barely misses you.
You shoot an arrow. The arrow hits the orc.
The orc is lightly wounded.
The orc hits you but does no damage.
An orc comes into view. It is wielding a +0 dagger.
Something hits you.
You shoot an arrow. The arrow closely misses the orc.
The arrow hits the orc priest.
The orc priest is almost dead.
Something hits you but does no damage. The orc hits you with a +0 club.
The orc barely misses you. Something hits you.
You shoot an arrow. The arrow hits the orc.
You kill the orc!
Something hits you but does no damage.
You shoot an arrow. The arrow barely misses the orc.
The arrow hits the orc priest.
You kill the orc priest!
Something hits you but does no damage. The orc hits you with a +0 dagger.
You die...

......~..~.#
.......~~..#
...........#
#..
...........
#.#
.........
#.# #.)...
#.# #.{####
#.# #)o@..#
#.# #.###.#
#.# #.
#.###'######
#.
#.......<..#
#o
###........#
#.
+........#
##
#........#
#........#
#........#


You could see an orc.

Vanquished Creatures
  An orc priest (D:2)
  An orc (D:2)
  2 ball pythons (D:1)
  3 giant cockroaches (D:1)
  2 goblins (D:1)
  3 hobgoblins (D:1)
  A kobold (D:1)
  2 quokkas (D:1)
  6 bats (D:1)
  3 rats (D:1)
24 creatures vanquished.

Notes
Turn   | Place    | Note
-------+----------+-------------------------------------------
     0 | D:1      | qw the Deep Elf Hunter began the quest for the Orb.
     0 | D:1      | Reached XP level 1. HP: 12/12 MP: 3/3
     0 | D:1      | 0 ||| qw: Version: 0.3-a-22-g0ed2b0b
     0 | D:1      | 0 ||| qw: Game counter: 6055
     0 | D:1      | 0 ||| qw: Melee chars always use a shield: true
     0 | D:1      | 0 ||| qw: God list: Okawaru
     0 | D:1      | 0 ||| qw: Allow faded altars: false
     0 | D:1      | 0 ||| qw: Do Orc after clearing Dungeon:15 true
     0 | D:1      | 0 ||| qw: Do second Lair branch before Depths: true
     0 | D:1      | 0 ||| qw: Lair rune preference: random
     0 | D:1      | 0 ||| qw: Goals: Normal
     0 | D:1      | 0 ||| PLANNING D:1-11
   154 | D:1      | Reached XP level 2. HP: 10/16 MP: 4/4
   157 | D:1      | Reached skill level 6 in Ranged Weapons
   792 | D:1      | Found a faded altar of an unknown god.
   964 | D:1      | 964 ||| UPGRADING to +0 scale mail.
   974 | D:1      | 974 ||| DROPPING +0 leather armour.
   975 | D:1      | 975 ||| READING scroll labelled QEBEX FEGEGUUG.
   976 | D:1      | 976 ||| READING scroll labelled KEUMPOC JATE.
  1077 | D:1      | 1077 ||| READING scroll labelled NELIPH UVAMOVU.
  1078 | D:1      | 1078 ||| DRINKING 3 dark potions.
  1079 | D:1      | 1079 ||| DROPPING scroll of butterflies.
  1105 | D:2      | HP: 1/16 [orc priest/divine providence (15)]
  1106 | D:2      | 1106 ||| Stepping ~*~*~tactically~*~*~ (outnumbered).
  1108 | D:2      | 1108 ||| DRINKING 2 potions of curing.
  1108 | D:2      | 1108 ||| (to cure confusion)
  1112 | D:2      | HP: 4/16 [something/puff of flame (8)]
  1114 | D:2      | HP: 1/16 [something (1)]
  1116 | D:2      | Slain by an orc

Levels and vault maps discovered:
D:1:      amcnicky_arrival_single_pillar, layout_basic,
          hellmonk_ecumenical_altar_inner_sanctum
D:2:      cheibrodos_helix_gallery, layout_basic, basic_altar

Skill      XL: |  1  2 |
---------------+-------+-----
Ranged Weapons | 6 |  6.6
Fighting       | |  1.5
Dodging        | |  2.4
Stealth        | |  1.2

Action                     || total
---------------------------++-------
   Fire: Shortbow          ||    65
    Use: Scroll            ||     3
         Potion            ||     2
 Armour: Leather armour    ||     6
         Scale mail        ||     6
  Dodge: Dodged            ||    16

Table legend:
 A = Non-vault XP
 B = Vault XP
 C = Vault XP percentage of total XP
 D = Non-vault monster count
 E = Vault monster count
 F = Vault count percentage of total count
                 A         B        C        D         E       F
            +---------+---------+-------+---------+---------+-------
      Total |      81 |       0 |   0.0 |      24 |       0 |   0.0
            +---------+---------+-------+---------+---------+-------
        D:1 |      37 |       0 |   0.0 |      22 |       0 |   0.0
        D:2 |      44 |       0 |   0.0 |       2 |       0 |   0.0
            +---------+---------+-------+---------+---------+-------
